 Dungeon Crawl Stone Soup version 0.20.1-1-g8b1a95d (webtiles) character file.

99 Liatris the Slasher (level 4, -4/35 HPs)
             Began as a Demonspawn Gladiator on Aug 11, 2017.
             Was a Priest of Uskayaw.
             Slain by Sigmund
             ... wielding a +2 scythe of freezing
              (7 damage)
             ... on level 2 of the Dungeon.
             The game lasted 00:08:01 (1489 turns).

Liatris the Slasher (Demonspawn Gladiator)          Turns: 1489, Time: 00:08:01

Health: -4/35      AC:  6    Str: 15    XL:     4   Next: 45%
Magic:  4/4        EV: 13    Int: 10    God:    Uskayaw [***...]
Gold:   55         SH:  0    Dex: 14    Spells: 3/3 levels left

rFire    . . .     SeeInvis .   a - +1 long sword
rCold    . . .     Gourm    .   (no shield)
rNeg     . . .     Faith    .   b - +0 leather armour
rPois    +         Spirit   .   c - +0 helmet
rElec    .         Reflect  .   (no cloak)
rCorr    .         Harm     .   (no gloves)
MR       .....                  l - +0 pair of boots
Stlth    ++........             (no amulet)
Regen    0.2/turn               k - ring of poison resistance
MPRegen  0.1/turn               (no ring)

@: no status effects
A: rugged brown scales 1, nightstalker 1
a: Stomp, Line Pass, Renounce Religion


You were on level 2 of the Dungeon.
You worshipped Uskayaw.
Uskayaw was noncommittal.
You were not hungry.

You visited 1 branch of the dungeon, and saw 2 of its levels.

You collected 55 gold pieces.

Inventory:

Hand Weapons
 a - a +1 long sword (weapon)
Missiles
 d - 2 throwing nets (quivered)
Armour
 b - a +0 leather armour (worn)
 c - a +0 helmet (worn)
 i - a +0 hat
 l - a +0 pair of boots (worn)
Jewellery
 k - a ring of poison resistance (left hand)
Scrolls
 m - 2 scrolls of remove curse
Potions
 e - 2 potions of resistance
Comestibles
 g - a meat ration
 h - 2 fruits


   Skills:
 + Level 2.6 Fighting
 + Level 3.6 Long Blades
 + Level 1.8 Throwing
 + Level 1.2 Armour
 + Level 3.3 Dodging
 + Level 0.2 Stealth


You had 3 spell levels left.
You didn't know any spells.

Dungeon Overview and Level Annotations

Branches:
Dungeon (2/15)

Altars:
Uskayaw

Annotations:
D:2 Sigmund


Innate Abilities, Weirdness & Mutations

You are partially covered in rugged brown scales. (AC +1, +3% HP)
You are slightly more attuned to the shadows.


Message History

Natasha struggles against the net.
It was a potion of curing.
You feel better. Something hits you. Something freezes you.
Natasha struggles against the net.
You slash Natasha!
You kill Natasha!
Natasha yowls pathetically as she dies!
Something hits you. Something freezes you.
You see here a throwing net.
You hit something. Something hits you!
* * * LOW HITPOINT WARNING * * *
Something freezes you.
* * * LOW HITPOINT WARNING * * *
You slash something! Something hits you.
* * * LOW HITPOINT WARNING * * *
Something freezes you.
* * * LOW HITPOINT WARNING * * *
Uskayaw will force your foes to helplessly watch your dance.
Uskayaw prepares the audience for your solo!
You hit something. Something hits you!
You die...

#.# .# #.# .... #.#
##.#####.#...# #)#
#............# #>#
#.####....b.... #.###.#
#.#.#.#... #.....#
#.#.#.# #. ####..# #.#.#
# #######..####.#g# ##
#..........@{.#.#
.#####.#####..####.#..
.....†.# #..# #.#
[.###### #.†# #.# ..#
#..####.#####. ..#
#.............
..##########.#####.######
.....<.....<.# ##.#######
.############# #.........


There were no monsters in sight!

Vanquished Creatures
  Natasha (D:2)
  2 adders (D:2)
  A gnoll (D:1)
  2 worms (D:2)
  2 leopard geckos (D:1)
  3 bats
  A giant cockroach (D:1)
  4 goblins
  7 hobgoblins
  4 jackals (D:1)
  2 ball pythons (D:1)
  3 frilled lizards
  3 kobolds (D:1)
  2 rats (D:2)
37 creatures vanquished.

Notes
Turn   | Place    | Note
-------+----------+-------------------------------------------
     0 | D:1      | Liatris the Demonspawn Gladiator began the quest for the Orb.
     0 | D:1      | Reached XP level 1. HP: 16/16 MP: 1/1
    36 | D:1      | Gained mutation: You are partially covered in rugged brown scales. (AC +1, +3% HP) [demonic ancestry]
    36 | D:1      | Reached XP level 2. HP: 11/22 MP: 2/2
   847 | D:1      | Reached XP level 3. HP: 28/28 MP: 3/3
  1093 | D:2      | Reached skill level 1 in Armour
  1207 | D:2      | Found a hide-covered altar of Uskayaw.
  1210 | D:2      | Became a worshipper of Uskayaw the Reveler
  1269 | D:2      | Gained mutation: You are slightly more attuned to the shadows. [demonic ancestry]
  1269 | D:2      | Reached XP level 4. HP: 24/35 MP: 4/4
  1269 | D:2      | Reached * piety under Uskayaw
  1389 | D:2      | Reached ** piety under Uskayaw
  1469 | D:2      | Noticed Sigmund
  1469 | D:2      | Noticed Natasha
  1485 | D:2      | Killed Natasha
  1488 | D:2      | Reached *** piety under Uskayaw
  1489 | D:2      | Slain by Sigmund

Skill      XL: |  1  2  3 |
---------------+----------+-----
Long Blades    | 3 |  3.6
Dodging        | 3 |  3.3
Armour         | 1 |  1.2
Fighting       | |  2.6
Throwing       | |  1.8
Stealth        | |  0.2

Action                   |  1- 3 |  4- 6 || total
-------------------------+-------+-------++-------
Melee: Long sword        |    93 |    22 ||   115
Throw: Throwing net      |       |     1 ||     1
  Use: Potion            |     3 |     1 ||     4
       Scroll            |     2 |       ||     2
 Stab: Sleeping          |     1 |     1 ||     2
  Eat: Bread ration      |     1 |       ||     1
Armor: Leather armour    |    34 |     3 ||    37
Dodge: Dodged            |    57 |     8 ||    65
       Rpst.: Long sword |    14 |     2 ||    16
